[Event "XVI Memorial Lezcano Montalvo 2024"]
[Site "Gran Canaria"]
[Date "2024.03.25"]
[Round "3.29"]
[White "Pleschke, Julius Jonas"]
[Black "Santos Falcon, Jose"]
[Result "1-0"]
[ECO "D00"]
[WhiteElo "1993"]
[BlackElo "1749"]
[Annotator "RC"]
[PlyCount "49"]
[EventDate "2024.03.23"]
[EventType "swiss"]
[EventCountry "ESP"]
[SourceTitle "playchess.com"]
[Source "ChessBase"]
[SourceQuality "1"]
[TimeControl "5400+30"]

1. d4 d5 2. Nc3 e6 3. Bf4 Bd6 4. e3 Bxf4 5. exf4 Nf6 6. Nf3 a6 7. a4 Nbd7 8. Ne5 c5 9. Nxd7 Bxd7 10. dxc5 Qc7 11. Qd4 Rc8 12. b4 b6 13. Bxa6 bxc5 14. Qe5 Qxe5+ 15. fxe5 Ra8 16. exf6 Rxa6 17. fxg7 Rg8 18. b5 Ra8 19. O-O Rxg7 20. b6 Bc6 21. f3 d4 22. Ne4 Bxe4 23. fxe4 Rg4 24. a5 Kd7 25. Rxf7+ 1-0

[Event "XVI Memorial Lezcano Montalvo 2024"]
[Site "Gran Canaria"]
[Date "2024.03.25"]
[Round "3.30"]
[White "Camara Bordon, Luis Marcos"]
[Black "Perez Garcia, Jimena"]
[Result "0-1"]
[ECO "B22"]
[WhiteElo "1718"]
[BlackElo "1992"]
[Annotator "RC"]
[PlyCount "52"]
[EventDate "2024.03.23"]
[EventType "swiss"]
[EventCountry "ESP"]
[SourceTitle "playchess.com"]
[Source "ChessBase"]
[SourceQuality "1"]
[TimeControl "5400+30"]

1. e4 c5 2. c3 d5 3. exd5 Qxd5 4. d4 Nf6 5. Nf3 Nc6 6. Be3 cxd4 7. cxd4 e6 8. Nc3 Qd6 9. Bb5 Be7 10. O-O O-O 11. a3 Rd8 12. Qe2 a6 13. Bd3 b5 14. Rac1 Bb7 15. Rfd1 Rac8 16. Bg5 Na5 17. Bxf6 Bxf6 18. Ne4 Bxe4 19. Qxe4 g6 20. Rxc8 Rxc8 21. h4 Rd8 22. h5 Nc6 23. hxg6 hxg6 24. Ne5 Nxe5 25. dxe5 Bxe5 26. Be2 Qxd1+ 0-1

[Event "XVI Memorial Lezcano Montalvo 2024"]
[Site "Gran Canaria"]
[Date "2024.03.25"]
[Round "3.31"]
[White "Segura Marsa, Andres"]
[Black "Ascension Suarez, Joel"]
[Result "1/2-1/2"]
[ECO "A10"]
[WhiteElo "1987"]
[BlackElo "1731"]
[Annotator "RC"]
[PlyCount "77"]
[EventDate "2024.03.23"]
[EventType "swiss"]
[EventCountry "ESP"]
[SourceTitle "playchess.com"]
[Source "ChessBase"]
[SourceQuality "1"]
[TimeControl "5400+30"]

1. c4 b6 2. Nc3 Bb7 3. e4 e6 4. g3 Bb4 5. Bg2 Ne7 6. a3 Bxc3 7. bxc3 O-O 8. Nf3 Bxe4 9. d3 Bb7 10. O-O d5 11. cxd5 Nxd5 12. c4 Nf6 13. d4 Nbd7 14. c5 bxc5 15. dxc5 Nxc5 16. Qc2 Ncd7 17. Rd1 Bd5 18. Bf4 c5 19. Ne5 Rc8 20. Qa4 Nb6 21. Qb5 Qe8 22. a4 Qxb5 23. axb5 Bxg2 24. Kxg2 Nfd5 25. Rxa7 Nc3 26. Rc1 Nxb5 27. Rb7 Rb8 28. Rxb8 Rxb8 29. Nd7 Nxd7 30. Bxb8 Nxb8 31. Rb1 Nd7 32. Rxb5 Kf8 33. Rb7 Ke7 34. Kf3 Kd6 35. Ke3 g6 36. Ra7 h5 37. Ke4 Nf6+ 38. Kd3 Ng4 39. Ke2 1/2-1/2

[Event "XVI Memorial Lezcano Montalvo 2024"]
[Site "Gran Canaria"]
[Date "2024.03.25"]
[Round "3.32"]
[White "Mesa Rodriguez, Antonio"]
[Black "Sosa Suarez, Carla Cristina"]
[Result "1/2-1/2"]
[ECO "C02"]
[WhiteElo "1697"]
[BlackElo "1980"]
[Annotator "RC"]
[PlyCount "60"]
[EventDate "2024.03.23"]
[EventType "swiss"]
[EventCountry "ESP"]
[SourceTitle "playchess.com"]
[Source "ChessBase"]
[SourceQuality "1"]
[TimeControl "5400+30"]

1. e4 e6 2. d4 d5 3. e5 c5 4. c3 Nc6 5. Nf3 Bd7 6. Be2 Nge7 7. O-O Rc8 8. a3 cxd4 9. cxd4 Nf5 10. Nc3 Be7 11. Re1 a6 12. Bf1 O-O 13. Bd3 Be8 14. Bxf5 exf5 15. Qb3 Na5 16. Qxd5 Bc6 17. Qxd8 Rfxd8 18. Be3 Bxf3 19. gxf3 Nb3 20. Rad1 f4 21. Bxf4 Nxd4 22. Kg2 Nc2 23. Rxd8+ Rxd8 24. Rc1 Nd4 25. Rd1 Kf8 26. Be3 Nc6 27. Rxd8+ Bxd8 28. Bc5+ Be7 29. Bxe7+ Kxe7 30. f4 Ke6 1/2-1/2

[Event "XVI Memorial Lezcano Montalvo 2024"]
[Site "Gran Canaria"]
[Date "2024.03.25"]
[Round "3.33"]
[White "Zhou, Lepu Coco"]
[Black "Matos Espino, Carlos Silverio"]
[Result "1-0"]
[ECO "B32"]
[WhiteElo "1980"]
[BlackElo "1726"]
[Annotator "RC"]
[PlyCount "77"]
[EventDate "2024.03.23"]
[EventType "swiss"]
[EventCountry "ESP"]
[SourceTitle "playchess.com"]
[Source "ChessBase"]
[SourceQuality "1"]
[TimeControl "5400+30"]

1. e4 c5 2. Nf3 Nc6 3. d4 cxd4 4. Nxd4 e5 5. Nb5 d6 6. c4 Be7 7. N1c3 Nf6 8. Nd5 O-O 9. Nxf6+ Bxf6 10. Qxd6 Be6 11. Be3 a6 12. Qxd8 Rfxd8 13. Nc7 Nb4 14. Nxa8 Nc2+ 15. Ke2 Nxa1 16. Nb6 Nc2 17. Nd5 Nxe3 18. Kxe3 Bg5+ 19. Kd3 f5 20. h4 Be7 21. Be2 Bc5 22. f3 g6 23. Rd1 fxe4+ 24. fxe4 Rf8 25. Bf3 a5 26. a3 Bxd5 27. exd5 Rf4 28. Re1 Rd4+ 29. Kc3 Rxh4 30. b4 axb4+ 31. axb4 Bd4+ 32. Kd3 b6 33. d6 Bf2 34. Bd5+ Kf8 35. Rxe5 b5 36. c5 Rxb4 37. c6 Rd4+ 38. Ke2 Bg3 39. d7 1-0

[Event "XVI Memorial Lezcano Montalvo 2024"]
[Site "Gran Canaria"]
[Date "2024.03.25"]
[Round "3.34"]
[White "Garcia Almeida, Valeria"]
[Black "Camino Carrio, Nicanor"]
[Result "0-1"]
[ECO "E62"]
[WhiteElo "1682"]
[BlackElo "1962"]
[Annotator "RC"]
[PlyCount "74"]
[EventDate "2024.03.23"]
[EventType "swiss"]
[EventCountry "ESP"]
[SourceTitle "playchess.com"]
[Source "ChessBase"]
[SourceQuality "1"]
[TimeControl "5400+30"]

1. c4 Nf6 2. Nc3 g6 3. d4 Bg7 4. g3 O-O 5. Bg2 d6 6. Nf3 Nbd7 7. O-O c6 8. Qc2 e5 9. dxe5 Nxe5 10. Nxe5 dxe5 11. e4 Be6 12. b3 Qc8 13. Bb2 Bh3 14. Rfd1 Bxg2 15. Kxg2 Qe6 16. Qe2 h5 17. Rd3 Rfd8 18. Rad1 Rxd3 19. Rxd3 Bf8 20. Qd1 h4 21. gxh4 Be7 22. Rg3 Rd8 23. Qf3 Kh7 24. Bc1 Nh5 25. Rh3 Bb4 26. Qe2 Qd7 27. Rf3 Qg4+ 28. Kh1 Qd7 29. Kg2 Kg8 30. Na4 Qg4+ 31. Kf1 Qxh4 32. h3 Rd4 33. Re3 Nf4 34. Qc2 Nxh3 35. a3 Nf4 36. Rg3 Qh1+ 37. Rg1 Qh3+ 0-1

[Event "XVI Memorial Lezcano Montalvo 2024"]
[Site "Gran Canaria"]
[Date "2024.03.25"]
[Round "3.36"]
[White "Roca Marrero, Fernando"]
[Black "Guerrero Orihuela, Jose Luis"]
[Result "0-1"]
[ECO "A45"]
[WhiteElo "1666"]
[BlackElo "1948"]
[Annotator "RC"]
[PlyCount "70"]
[EventDate "2024.03.23"]
[EventType "swiss"]
[EventCountry "ESP"]
[SourceTitle "playchess.com"]
[Source "ChessBase"]
[SourceQuality "1"]
[TimeControl "5400+30"]

1. d4 Nf6 2. Bf4 g6 3. e3 Bg7 4. Be2 O-O 5. h4 c5 6. h5 Qb6 7. Qc1 cxd4 8. hxg6 fxg6 9. exd4 Nd5 10. Be5 Bxe5 11. dxe5 Qxf2+ 12. Kd1 Ne3+ 13. Kd2 Qxg2 14. Na3 Nf1+ 15. Kc3 Qxh1 16. Qg5 Qc6+ 17. Nc4 b5 18. Rxf1 Rxf1 19. Bxf1 Na6 20. Qxe7 Bb7 21. b4 Nc7 22. Kb3 bxc4+ 23. Bxc4+ Ne6 24. Ne2 Rc8 25. Qh4 Qe4 26. Qxe4 Bxe4 27. Nd4 Rxc4 28. Kxc4 Nxd4 29. Kxd4 Bxc2 30. b5 h5 31. Kc5 h4 32. Kd6 h3 33. Kxd7 h2 34. e6 h1=Q 35. e7 Qd5+ 0-1

[Event "XVI Memorial Lezcano Montalvo 2024"]
[Site "Gran Canaria"]
[Date "2024.03.25"]
[Round "3.37"]
[White "Arnaiz Yanes, Miguel Angel"]
[Black "Fernandez Hernandez, Javier"]
[Result "1-0"]
[ECO "D03"]
[WhiteElo "1947"]
[BlackElo "1690"]
[Annotator "RC"]
[PlyCount "85"]
[EventDate "2024.03.23"]
[EventType "swiss"]
[EventCountry "ESP"]
[SourceTitle "playchess.com"]
[Source "ChessBase"]
[SourceQuality "1"]
[TimeControl "5400+30"]

1. d4 d5 2. Nf3 Nf6 3. Bg5 Ne4 4. Bh4 Nd7 5. Nbd2 Ndf6 6. e3 c6 7. Bd3 Qb6 8. Rb1 g6 9. O-O Bg7 10. c4 Bf5 11. Qc2 Nxd2 12. Nxd2 Bxd3 13. Qxd3 O-O 14. c5 Qd8 15. b4 a6 16. a4 Qd7 17. h3 Ne8 18. b5 axb5 19. axb5 e5 20. Bg3 exd4 21. exd4 cxb5 22. Nf3 Nc7 23. Bxc7 Qxc7 24. Rb3 b4 25. Rxb4 Ra4 26. Rb5 Qe5 27. Rfb1 Qf4 28. g3 Qf6 29. Rxb7 Qd8 30. Kg2 Qa8 31. R1b3 Rc4 32. R7b4 Qa6 33. Nd2 Qa8 34. Qf3 Rc1 35. Qf4 Qa1 36. Rb1 Rxb1 37. Nxb1 Rc8 38. Nd2 Qc3 39. Ra4 Qc2 40. Ra7 f6 41. Nf3 f5 42. Qd6 Qe4 43. Qd7 1-0

[Event "XVI Memorial Lezcano Montalvo 2024"]
[Site "Gran Canaria"]
[Date "2024.03.25"]
[Round "3.38"]
[White "Cabrera Martel, Isaac"]
[Black "de Leon Navarro, Claudio"]
[Result "0-1"]
[ECO "D00"]
[WhiteElo "1655"]
[BlackElo "1931"]
[Annotator "RC"]
[PlyCount "74"]
[EventDate "2024.03.23"]
[EventType "swiss"]
[EventCountry "ESP"]
[SourceTitle "playchess.com"]
[Source "ChessBase"]
[SourceQuality "1"]
[TimeControl "5400+30"]

1. d4 Nf6 2. Nc3 d5 3. Bf4 e6 4. e3 Bb4 5. Bd3 c5 6. dxc5 Nbd7 7. Nf3 Qa5 8. O-O Bxc3 9. bxc3 Qxc3 10. Bb5 Qxc5 11. Qe2 O-O 12. c4 a6 13. Bxd7 Bxd7 14. Rfc1 Rac8 15. cxd5 Qxc1+ 16. Rxc1 Rxc1+ 17. Ne1 Nxd5 18. h3 Bb5 19. Qd2 Nxf4 20. exf4 Rfc8 21. Kh2 h6 22. Qe3 R8c3 23. Qe5 Bc6 24. Qe2 Rc4 25. Nd3 R1c2 26. Qh5 f6 27. Qa5 Rd4 28. Nb4 Rxf2 29. Nxc6 bxc6 30. Qxa6 Rdd2 31. Qxc6 Rxg2+ 32. Kh1 Rge2 33. Qc8+ Kh7 34. Qc1 Rxa2 35. Kg1 Rg2+ 36. Kf1 Raf2+ 37. Ke1 Rg1+ 0-1

[Event "XVI Memorial Lezcano Montalvo 2024"]
[Site "Gran Canaria"]
[Date "2024.03.25"]
[Round "3.39"]
[White "Ramirez Maillo, Juan Adonay"]
[Black "Martinez Correa, Rafael"]
[Result "1-0"]
[ECO "B22"]
[WhiteElo "1918"]
[BlackElo "1597"]
[Annotator "NA RC"]
[PlyCount "42"]
[EventDate "2024.03.23"]
[EventType "swiss"]
[EventCountry "ESP"]
[SourceTitle "playchess.com"]
[Source "ChessBase"]
[SourceQuality "1"]
[TimeControl "5400+30"]

1. e4 c5 2. c3 d5 3. exd5 Qxd5 4. d4 Nc6 5. Nf3 Bf5 6. Na3 cxd4 7. Bc4 Qe4+ 8. Be3 e6 9. cxd4 Bb4+ 10. Kf1 Bxa3 11. bxa3 Nf6 12. Ng5 Qc2 13. Qxc2 Bxc2 14. Rc1 Bf5 15. Nf3 Be4 16. Ke2 Bd5 17. Rc2 Bxc4+ 18. Rxc4 Kd7 19. Rb1 b6 20. Rbc1 Rac8 21. Rxc6 Rxc6 1-0

[Event "XVI Memorial Lezcano Montalvo 2024"]
[Site "Gran Canaria"]
[Date "2024.03.25"]
[Round "3.40"]
[White "Garbezza, Davide"]
[Black "Parra Erazo, Santiago"]
[Result "1-0"]
[ECO "D32"]
[WhiteElo "1888"]
[BlackElo "1439"]
[Annotator "NA RC"]
[PlyCount "41"]
[EventDate "2024.03.23"]
[EventType "swiss"]
[EventCountry "ESP"]
[SourceTitle "playchess.com"]
[Source "ChessBase"]
[SourceQuality "1"]
[TimeControl "5400+30"]

1. d4 d5 2. c4 e6 3. Nc3 Nf6 4. Nf3 Be7 5. Bf4 O-O 6. e3 c5 7. cxd5 exd5 8. Be2 Nc6 9. O-O h6 10. dxc5 Bxc5 11. Rc1 Bb6 12. Na4 Be6 13. Nxb6 Qxb6 14. b3 Nh5 15. Bd6 Rfd8 16. Bc5 Qc7 17. Nd4 Nxd4 18. Bxd4 Qd7 19. Bxh5 b6 20. Qd2 Rdc8 21. Qb2 1-0

[Event "XVI Memorial Lezcano Montalvo 2024"]
[Site "Gran Canaria"]
[Date "2024.03.25"]
[Round "3.41"]
[White "Arana Martin, Ivan"]
[Black "Broeder, Hans-Gert"]
[Result "0-1"]
[ECO "C55"]
[WhiteElo "1570"]
[BlackElo "1860"]
[Annotator "NA RC"]
[PlyCount "96"]
[EventDate "2024.03.23"]
[EventType "swiss"]
[EventCountry "ESP"]
[SourceTitle "playchess.com"]
[Source "ChessBase"]
[SourceQuality "1"]
[TimeControl "5400+30"]

1. e4 e5 2. Nf3 Nc6 3. Bc4 Nf6 4. O-O Bc5 5. Ng5 O-O 6. Nc3 a6 {[%emt 0:02:18] C55: Two Knights: 4 d3, 4 d4 exd4 5 e5 and Max Lange Attack.} 7. a4 d6 8. h3 h6 9. Nf3 Be6 10. Ba2 Qd7 11. Bxe6 fxe6 12. d3 Qf7 13. Be3 Nd4 14. Bxd4 exd4 15. Ne2 e5 16. c3 dxc3 17. Nxc3 Rae8 18. Qc2 Nh5 19. Ne2 Qe7 20. Qb3+ Kh7 21. Rab1 c6 22. Rfd1 Rf7 23. d4 exd4 24. Nexd4 Nf4 25. Nf5 Qf6 26. Re1 g6 27. N5d4 Ref8 28. Rbd1 Re7 29. Qc3 Ba7 30. Nb3 Nxh3+ 31. gxh3 Qxf3 32. Qxf3 Rxf3 33. Nd4 Bxd4 34. Rxd4 d5 35. Kg2 Rb3 36. Re2 dxe4 37. Rdxe4 Rxe4 38. Rxe4 Kg7 39. Re2 Kf6 40. f3 Rb4 41. Re4 Rxb2+ 42. Kg3 g5 43. h4 a5 44. Kg4 Rb4 45. hxg5+ hxg5 46. Kg3 Rxe4 47. fxe4 Ke5 48. Kf3 g4+ 0-1

[Event "XVI Memorial Lezcano Montalvo 2024"]
[Site "Gran Canaria"]
[Date "2024.03.26"]
[Round "4.1"]
[White "Sanz Wawer, Daniel"]
[Black "Dvirnyy, Danyyil"]
[Result "0-1"]
[ECO "A48"]
[WhiteElo "2397"]
[BlackElo "2482"]
[Annotator "TA"]
[PlyCount "73"]
[EventDate "2024.03.23"]
[EventType "swiss"]
[EventCountry "ESP"]
[SourceTitle "playchess.com"]
[Source "ChessBase"]
[SourceQuality "1"]
[TimeControl "5400+30"]

1. d4 Nf6 2. Nf3 g6 3. Bf4 Bg7 4. e3 O-O 5. h3 c5 6. Nbd2 d6 7. Be2 Nc6 8. Bh2 cxd4 9. exd4 {[%emt 0:01:03] [#]} e5 $1 {[%emt 0:03:59] The position is equal.} 10. dxe5 dxe5 11. Nxe5 Nd5 (11... Nxe5 {with more complications.} 12. Bxe5 Re8 13. Nf3 Qa5+) 12. Nxc6 bxc6 13. Nc4 Qg5 (13... Re8 $5 14. O-O $8 Bxb2 15. Nxb2 Nc3 16. Qxd8 Nxe2+ 17. Kh1 Rxd8 $11) 14. Bg3 Ba6 {[%emt 0:08:38] White must now prevent ...Bxc4.} (14... Re8 $5 15. O-O Bxb2 16. Nxb2 Nc3 $15) 15. Qd2 (15. O-O $1 $11 {keeps the balance.}) 15... Qxd2+ $17 16. Kxd2 Rfe8 (16... Rad8 $17 17. Nd6 Bxe2 18. Kxe2 Bxb2) 17. Bd3 $15 Bh6+ 18. Kd1 Nb4 {[%emt 0:06:51] ...Nxd3 is the strong threat.} 19. Nd6 Bxd3 20. cxd3 Re6 {[%emt 0:00:14][%cal Of7f5] Threatens to win with ...f5!} 21. a3 Nxd3 22. Kc2 {[%emt 0:01:49] [#]} Nf4 {[%emt 0:02:06] Black is more active.} 23. Rad1 Nxg2 24. Rhg1 Nf4 25. Nf5 Bg5 ({Reject} 25... gxf5 $6 26. Bxf4+ Kh8 27. Bxh6 Rxh6 28. Rd7 Rxh3 29. Rxf7 $14) 26. h4 Ne2 27. hxg5 gxf5 28. Rg2 f4 29. Bh2 Re4 {[%emt 0:00:24] Strongly threatening ...f3.} 30. Rg4 Rae8 31. Kb1 ({White should play} 31. Rd7) 31... Rb8 {[%emt 0:04:55] And now ...Nc3+ would win.} 32. Ka2 Rb5 $36 {[%emt 0:00:47][%mdl 2048] Black is really pushing.} 33. Rh1 (33. Rd2 $17) 33... Rd4 $19 34. Ka1 Rd2 35. Rb1 (35. Bxf4 $17 Rdxb2 36. Be5) 35... Rb3 {[%emt 0:00:37][%cal Oe2c3] ( -> ...Nc3!)} 36. Rh4 $2 {[%emt 0:00:59] [#]} (36. Bxf4 $19 Rd4 37. Rg3 (37. Ka2 $2 Rb5 $19) 37... Nxg3 38. fxg3) 36... Nc3 $1 37. Bxf4 {[%emt 0:00:43] Weighted Error Value: White=0.39/Black=0.13 (very precise) .  Mistake:       	White=5     	Black=1      Inaccurate:     	White=2     	Black=1      OK:         	White=11    	Black=15     Best:        	White=4     	Black=3} (37. Rh3 Rxa3+) 0-1

[Event "XVI Memorial Lezcano Montalvo 2024"]
[Site "Gran Canaria"]
[Date "2024.03.26"]
[Round "4.2"]
[White "Larino Nieto, David"]
[Black "Fiorito, Joaquin"]
[Result "1-0"]
[ECO "A11"]
[WhiteElo "2365"]
[BlackElo "2409"]
[Annotator "TA"]
[PlyCount "105"]
[EventDate "2024.03.23"]
[EventType "swiss"]
[EventCountry "ESP"]
[SourceTitle "playchess.com"]
[Source "ChessBase"]
[SourceQuality "1"]
[TimeControl "5400+30"]

1. c4 c6 2. Nf3 d5 3. e3 Nf6 4. Nc3 e6 5. b3 Be7 6. Bb2 O-O 7. Qc2 Nbd7 8. cxd5 {[%emt 0:01:21] White has an edge.} exd5 9. Nd4 Nc5 10. Be2 a5 11. Rc1 a4 12. b4 (12. Nxa4 $11 Nxa4 13. bxa4) 12... a3 $1 $15 13. Bxa3 Ne6 $1 (13... Rxa3 $6 14. bxc5 Bxc5 15. Nb1 (15. Ncb5 cxb5 16. Qxc5 Rxa2 $11) 15... Bxd4 (15... Ra5 16. Nb3 $16) 16. Nxa3 $14) 14. Nxe6 Bxe6 15. Nb1 d4 {[%emt 0:04:14][%mdl 1024] Black has strong compensation.} 16. O-O Qd7 17. Qb2 d3 18. Bf3 {[%emt 0:00:45] [#]} (18. Bd1 $1 $15) 18... Nd5 (18... Rfc8 $1 $17 19. e4 Qc7) 19. Bxd5 (19. b5 $15) 19... Bxd5 $17 (19... cxd5 $6 20. b5 $11) 20. Qd4 {[%emt 0:01:39] White is weak on the light squares} Qf5 $2 (20... Bf6 $17 21. Qxd3 Rfd8) 21. f3 (21. e4 $1 $11 Bxe4 (21... Qxe4 22. Qxe4 Bxe4 23. Rfe1 $18) 22. Rfe1 (22. Rce1 Bd5 $11)) 21... Bxa2 22. Qb2 Bxb1 23. Rxb1 Qb5 {[%emt 0:02:23] And now ...Qa4 would win.} 24. Qc3 Bf6 25. Qc1 {[%emt 0:00:57] [#]} Ra4 $1 26. Bb2 Bxb2 (26... Rxb4 $15 27. Ba3 (27. Bxf6 gxf6 28. Rd1 Ra8 $17) 27... Rxb1 28. Qxb1 Rc8) 27. Qxb2 $11 Rfa8 28. Qd4 Ra2 29. Rfd1 h6 30. Rb3 R8a3 31. Rc3 Ra4 32. Rc4 R4a3 33. Rc3 f5 34. Rc5 Qa4 35. Rcc1 Rc2 36. h4 Qb3 37. Qd8+ Kh7 {[%emt 0:00:05] ...Rxc1 would now be deadly.} 38. Qd7 Kg6 (38... Qd5 39. Qxd5 cxd5 40. Rxc2 dxc2 41. Rc1 $17) (38... Raa2 $11) 39. h5+ ({Of course not} 39. Qxb7 Qd5 $11) (39. b5 $14 {might be stronger.}) 39... Kf6 (39... Kh7 $1 $11) 40. Qd8+ ({White should try} 40. Qxb7 $16 {Strongly threatening Qc8.} Qe6 41. Qc7) 40... Kf7 41. Qd7+ (41. Qc7+ $11 Kf6 42. b5 (42. Qxb7 Qc4 $16)) 41... Kf6 $16 42. Qxb7 Raa2 43. Qb8 (43. Qd7 $16) 43... Rab2 $2 (43... Qb2 $1 $14) 44. Qf8+ Qf7 45. Qd8+ Qe7 (45... Ke6 $142 46. Qxd3 Qd7 47. Qxc2 Rxc2 48. Rxc2 Kf6) 46. Qxd3 $18 Rxc1 47. Rxc1 {[%emt 0:00:27] KQR-KQR. White mates.} Kg5 48. Rxc6 Qf7 49. f4+ Kh4 50. Qf1 Qd5 51. Qf2+ Kg4 52. Qe2+ Kh4 {[%emt 0:00:30] [#]} 53. Kh2 $1 {[%emt 0:01:05] What a bad dream for Black.   Weighted Error Value: White=0.21 (precise) /Black=0.43.  Loses game:     	---       	Black=1      Mistake:       	White=8     	Black=6      Inaccurate:     	White=2     	Black=2      OK:         	White=14    	Black=13     Best:        	White=2     	Black=3      Strong:       	---       	Black=3} 1-0

[Event "XVI Memorial Lezcano Montalvo 2024"]
[Site "Gran Canaria"]
[Date "2024.03.26"]
[Round "4.3"]
[White "Tutisani, Noe"]
[Black "Fiorito, Francisco"]
[Result "1/2-1/2"]
[ECO "A56"]
[WhiteElo "2405"]
[BlackElo "2368"]
[Annotator "TA"]
[PlyCount "87"]
[EventDate "2024.03.23"]
[EventType "swiss"]
[EventCountry "ESP"]
[SourceTitle "playchess.com"]
[Source "ChessBase"]
[SourceQuality "1"]
[TimeControl "5400+30"]

1. d4 Nf6 2. c4 c5 3. d5 e5 4. Nc3 d6 5. e4 g6 6. Nf3 Bg7 7. g3 O-O 8. Bg2 h6 9. O-O {[%emt 0:01:13] White is better.} Nh7 10. Bd2 f5 (10... Ng5 $16) 11. Qc1 (11. Nh4 $18) 11... g5 $14 12. exf5 Bxf5 13. Ne1 {[%emt 0:00:05] Wards off e4} Nd7 14. f3 Qe7 15. Ne4 Rf7 16. Nd3 Raf8 17. Ndf2 Ndf6 18. Be3 Bd7 19. Qd2 {[%emt 0:01:22] White is more active.} Nxe4 20. Nxe4 Nf6 21. Qa5 b5 22. Nxf6+ ({White should play} 22. Qa6 $14 Nxe4 23. fxe4) 22... Qxf6 $15 23. cxb5 {[%emt 0:03:01][%cal Of1f2] [#]} e4 $1 24. fxe4 Qxb2 {[%emt 0:00:07] ...Bc3 would now be deadly.} 25. Rab1 $1 Rxf1+ (25... Qc2 {looks sharper.} 26. Rfc1 Qd3 27. Rb3 Qe2) 26. Rxf1 Bxb5 27. Rxf8+ Bxf8 28. h4 $1 gxh4 $40 {[%emt 0:10:09][%mdl 128] Black mounts an attack.} (28... Qb1+ {simplifies} 29. Kh2 Bf1 30. Qd2 Bxg2 31. Qxg2 g4) 29. Bf4 {[%emt 0:00:51] [#]} (29. gxh4 $11 {remains equal.} Qa1+ 30. Kh2) 29... h3 30. Bxh3 $11 Qd4+ 31. Kh2 Qf2+ 32. Bg2 Bd3 33. Qd2 (33. Kh1 $1 $11) 33... Qxd2 $17 34. Bxd2 {[%emt 0:00:01][%mdl 4096] Endgame. KBB-KBB} c4 35. Bb4 {[%emt 0:04:35] [#]} Kf7 (35... a5 $1 $17 36. Bxa5 Bg7) 36. Kg1 $2 {[%emt 0:00:42] [#]} (36. e5 $1 $11 {and White stays safe.}) 36... Be7 $2 (36... a5 $1 $19 37. Bxa5 Bg7) 37. Kf2 $11 {[%emt 0:01:39] The position is equal.} h5 38. Bf3 h4 39. gxh4 Bxh4+ 40. Kg2 Be7 41. Kf2 Bh4+ 42. Kg2 Be7 43. Kf2 Bh4+ 44. Kg2 {[%emt 0:14:42] Weighted Error Value: White=0.26 (precise) /Black=0.22 (precise) .  Loses game:     	White=1     	---        Missed win:     	---       	Black=1      Mistake:       	White=4     	Black=3      Inaccurate:     	White=3     	Black=5      OK:         	White=13    	Black=10     Best:        	White=2     	Black=1      Strong:       	White=2     	---        Brilliant:      	---       	Black=1} 1/2-1/2

[Event "XVI Memorial Lezcano Montalvo 2024"]
[Site "Gran Canaria"]
[Date "2024.03.26"]
[Round "4.4"]
[White "Perez Guerra, Raul"]
[Black "Lianes Garcia, Marcos"]
[Result "1/2-1/2"]
[ECO "B29"]
[WhiteElo "2250"]
[BlackElo "2398"]
[Annotator "TA"]
[PlyCount "40"]
[EventDate "2024.03.23"]
[EventType "swiss"]
[EventCountry "ESP"]
[SourceTitle "playchess.com"]
[Source "ChessBase"]
[SourceQuality "1"]
[TimeControl "5400+30"]

1. e4 c5 2. Nf3 Nf6 3. Nc3 d5 4. exd5 Nxd5 5. Bc4 Nb6 6. Bb5+ Bd7 7. Bxd7+ Qxd7 8. d4 cxd4 9. Qxd4 Nc6 10. Qxd7+ Nxd7 11. Be3 e6 12. O-O-O Bc5 13. Rhe1 Rd8 14. Ne4 Bxe3+ 15. Rxe3 {[%emt 0:00:01] Strongly threatening Nd6+.} Ke7 (15... O-O $14 {is superior.}) 16. Nd6 $16 {[%emt 0:03:16] White has more active pieces.} b6 {[%emt 0:02:15][%cal Od7e5] [#]} 17. Nf5+ (17. Nxf7 $1 $16 Kxf7 18. Ng5+ Kf6 19. Nxe6) 17... Kf6 $11 18. Nd6 (18. N5d4 $11 Ndb8 19. Rc3 Nxd4 20. Rxd4 (20. Nxd4 Rhe8 $18)) 18... Ke7 $16 {[%emt 0:01:35][%cal Od7e5] [#]} 19. Nf5+ (19. Nxf7 $1 $16 Kxf7 20. Ng5+ Kf6 21. Nxe6) 19... Kf6 $11 20. Nd6 (20. N5d4 $11 Ndb8 21. Rc3) 20... Ke7 {[%emt 0:26:07] Weighted Error Value: White=0.17 (very precise) /Black=0.05 (flawless) .  Mistake:       	White=4     	Black=1      OK:         	White=5     	Black=10     Best:        	White=1     	---} 1/2-1/2